 Dungeon Sprint DCSS version 0.17-a0-2208-ge5ab1d3 (webtiles) character file.

480 kosy22 the Grappler (level 6, -3/66 HPs)
             Began as a Troll Monk on Oct 26, 2015.
             Was the Champion of Jiyva.
             Shot with an arrow by a centaur warrior (13 damage)
             ... in the Dungeon (Sprint IX: "|||||||||||||||||||||||||||||").
             The game lasted 00:01:33 (231 turns).

kosy22 the Grappler (Troll Monk)                     Turns: 231, Time: 00:01:34

Health: -3/66      AC: 12    Str: 22    XL:     6   Next: 86%
Magic:  5/5        EV: 13    Int:  9    God:    Jiyva [******]
Gold:   0          SH:  0    Dex: 12    Spells: 0 memorised, 5 levels left

rFire  . . .     SeeInvis .     m - +2 halberd (protect)
rCold  . . .     Clarity  .     a - +0 robe
rNeg   . . .     SustAt   .     (no shield)
rPois  .         Gourm    +     (helmet restricted)
rElec  .         Spirit   .     (no cloak)
rCorr  +         Warding  .     (gloves unavailable)
rMut   .         NoTele   +     (boots unavailable)
MR     .....                    (no amulet)
Stlth  ++........               n - +3 ring of intelligence
                                o - +2 ring of protection

@: lethally poisoned (-3 -> -4), slowed, very slow, not resistant to hostile
enchantments, unstealthy
A: unfitting armour, claws 3, breathe flames 1, fast metabolism 3, gourmand,
regeneration 2, shaggy fur 1, tough skin 2, translucent skin 2, jelly sensing
items
a: Request Jelly, Jelly Paralyse, Slimify, Cure Bad Mutation, Renounce Religion,
Breathe Fire


You were in the Dungeon.
You worshipped Jiyva.
Jiyva was exalted by your worship.
You were not hungry.

You visited 1 branch

Inventory:

Hand Weapons
 m - a +2 halberd of protection (weapon)
 p - a +0 shortbow
Missiles
 q - 15 arrows
Armour
 a - a +0 robe (worn)
Jewellery
 n - a +3 ring of intelligence (right claw)
 o - a +2 ring of protection (left claw)
Wands
 l - a wand of fire (7)
Scrolls
 h - 2 scrolls of blinking
 j - 3 scrolls of remove curse
 k - 2 scrolls of amnesia
Potions
 c - 5 potions of curing
 d - 3 potions of heal wounds
 e - a potion of haste
 f - 4 potions of magic
 g - a potion of berserk rage
 i - a potion of invisibility
Comestibles
 b - 2 bread rations


   Skills:
 + Level 5.4 Fighting
 + Level 2.4 Polearms
 + Level 7.5 Dodging
 + Level 2.1 Stealth
 + Level 10.4 Unarmed Combat


You had 5 spell levels left.
You didn't know any spells.

Dungeon Overview and Level Annotations

Branches:
Dungeon (1/1)

Altars:
Cheibriados
Dithmenos
Elyvilon
Fedhas
Gozag
Kikubaaqudgha
Makhleb
Nemelex Xobeh
Okawaru
Qazlal
Ru
Sif Muna
Trog
Vehumet
Xom
Yredelemnul
Zin
The Shining One
Beogh
Jiyva
Lugonu


Innate Abilities, Weirdness & Mutations

You are too large for most types of armour.
You have claws for hands.
Your metabolism is lightning-fast.
You like to eat raw meat.
You heal very quickly.
You are covered in fur (AC +1).
You have very tough skin (AC +2).
You can breathe flames.
Your skin is mostly translucent (Stealth, -foe acc).
You have a small jelly attached to you that senses nearby items.


Message History

The wraith is almost destroyed.
You feel sick. The wraith hits you! The wraith misses you.
You closely miss the wraith.
The wraith is almost destroyed.
The wraith hits you! The wraith drains your vigour!
You feel as though you will be slow longer.
The wraith closely misses you.
You hit the wraith but do no damage.
The wraith is almost destroyed.
You feel sick. The wraith barely misses you. The wraith barely misses you.
You slash the wraith!
You destroy the wraith!
Your Polearms skill increases to level 2!
Your Dodging skill increases to level 7!
The centaur warrior wields a shortbow.
The centaur warrior shoots an arrow.
The arrow hits you!!
* * * LOW HITPOINT WARNING * * *
You shudder from the blast and a jelly pops out!
The centaur warrior shoots an arrow.
The arrow hits you!
You die...

▓▓▓▓▓▓▓▓▓▓▓▓▓▓▓▓▓▓▓▓▓▓▓▓
+.WsKc.@.J....†.........
▓▓▓▓▓▓▓▓▓▓▓▓▓▓▓▓▓▓▓▓▓▓▓▓
∆∆∆∆ ∆ ∆∆∆∆


You could see a centaur warrior, a phantom, a big kobold, a scorpion and a
friendly acid blob.

Vanquished Creatures
  A wraith (D)
  A wasp (D)
  A centaur (D)
  A giant frog (D)
  A killer bee (D)
  A hound (D)
  3 adders (D)
  An orc (D)
  A bat skeleton (D)
  A hobgoblin (D)
  A quokka (D)
  2 bats (D)
  2 giant newts (D)
  A goblin (D)
18 creatures vanquished.

Vanquished Creatures (others)
  A jelly (D)
1 creature vanquished.

Grand Total: 19 creatures vanquished

Notes
Turn   | Place    | Note
--------------------------------------------------------------
     0 | D        | kosy22 the Troll Monk began the quest for the Orb.
     0 | D        | Reached XP level 1. HP: 22/22 MP: 0/0
    24 | D        | Reached skill level 5 in Unarmed Combat
    24 | D        | Reached XP level 2. HP: 26/29 MP: 1/1
    37 | D        | Found a glowing silver altar of Zin.
    37 | D        | Found a glowing golden altar of the Shining One.
    37 | D        | Found an ancient bone altar of Kikubaaqudgha.
    37 | D        | Found a basalt altar of Yredelemnul.
    37 | D        | Found a shimmering altar of Xom.
    37 | D        | Found a radiant altar of Vehumet.
    38 | D        | Found an iron altar of Okawaru.
    39 | D        | Found a burning altar of Makhleb.
    40 | D        | Found a deep blue altar of Sif Muna.
    41 | D        | Found a bloodstained altar of Trog.
    42 | D        | Found a sparkling altar of Nemelex Xobeh.
    43 | D        | Found a white marble altar of Elyvilon.
    44 | D        | Found a roughly hewn altar of Beogh.
    45 | D        | Found a viscous altar of Jiyva.
    46 | D        | Found a corrupted altar of Lugonu.
    47 | D        | Found a blossoming altar of Fedhas.
    48 | D        | Found a snail-covered altar of Cheibriados.
    49 | D        | Found a shadowy altar of Dithmenos.
    50 | D        | Found a stormy altar of Qazlal.
    51 | D        | Found an opulent altar of Gozag.
    52 | D        | Found a sacrificial altar of Ru.
    57 | D        | Became a worshipper of Jiyva Jegga the Shapeless
    57 | D        | Reached * piety under Jiyva
    57 | D        | Reached ** piety under Jiyva
    88 | D        | Reached *** piety under Jiyva
    96 | D        | Reached **** piety under Jiyva
    96 | D        | Gained mutation: You are partially covered in thin metallic scales (AC +2). [Jiyva's grace]
   105 | D        | Noticed a killer bee
   105 | D        | Noticed a giant frog
   105 | D        | Noticed a centaur
   105 | D        | Noticed a hound
   108 | D        | Killed a hound
   108 | D        | Reached skill level 6 in Unarmed Combat
   108 | D        | Reached XP level 3. HP: 35/37 MP: 2/2
   111 | D        | Killed a centaur
   111 | D        | Reached skill level 8 in Unarmed Combat
   111 | D        | Reached XP level 4. HP: 28/48 MP: 3/3
   111 | D        | Reached XP level 5. HP: 31/54 MP: 4/4
   121 | D        | Killed a giant frog
   121 | D        | Reached skill level 1 in Polearms
   121 | D        | Reached skill level 5 in Dodging
   121 | D        | Reached skill level 9 in Unarmed Combat
   134 | D        | Killed a killer bee
   134 | D        | Reached XP level 6. HP: 10/63 MP: 5/5
   204 | D        | Reached ***** piety under Jiyva
   206 | D        | Gained mutation: You can breathe flames. [Jiyva's grace]
   206 | D        | Gained mutation: Your skin is partially translucent (Stealth, -foe acc). [Jiyva's grace]
   206 | D        | Reached ****** piety under Jiyva
   206 | D        | Gained mutation: You have a small jelly attached to you that senses nearby items. [Jiyva's grace]
   206 | D        | Gained mutation: Your skin is mostly translucent (Stealth, -foe acc). [Jiyva's grace]
   209 | D        | Lost mutation: You are partially covered in thin metallic scales (AC +2). [Jiyva's grace]
   216 | D        | Noticed a scorpion
   216 | D        | Noticed a big kobold
   216 | D        | Noticed a centaur warrior
   216 | D        | Noticed a phantom
   216 | D        | Noticed a wraith
   216 | D        | Noticed a wasp
   220 | D        | Killed a wasp
   220 | D        | Reached skill level 5 in Fighting
   220 | D        | Reached skill level 10 in Unarmed Combat
   231 | D        | Killed a wraith
   231 | D        | Shot with an arrow by a centaur warrior

Vault maps used:
D:        linesprint

Action                   |  1- 3 |  4- 6 || total
-------------------------+-------+-------++-------
Melee: Unarmed           |    19 |       ||    19
       Halberd           |     6 |    37 ||    43
 Stab: Sleeping          |       |     1 ||     1
